 Dungeon Crawl Stone Soup version 0.22-a0-284-g99d1f74 (webtiles) character file.

538985 kuniqs the Slayer (level 24, -16/249 HPs)
             Began as a Deep Dwarf Fighter on Mar 21, 2018.
             Was the Champion of Makhleb.
             Demolished by Tiamat
             ... wielding a +1 glaive of protection
              (40 damage)
             ... on level 4 of the Realm of Zot.
             The game lasted 01:29:53 (38294 turns).

kuniqs the Slayer (Deep Dwarf Fighter)             Turns: 38294, Time: 01:29:54

Health: -16/249    AC: 53    Str: 29    XL:     24   Next: 67%
Magic:  0/12       EV: 16    Int: 22    God:    Makhleb [******]
Gold:   4623       SH: 26    Dex: 11    Spells: 23/23 levels left

rFire    + . .     SeeInvis +   b - +8 broad axe of Exquisite Death {protect, Int+2 Dex+3 Stlth+}
rCold    + . .     Gourm    .   r - +0 large shield
rNeg     + . .     Faith    .   I - +8 plate armour "Qauh" {rElec rCorr Int+8 Dex-4}
rPois    .         Spirit   .   K - +2 helmet {SInv}
rElec    +         Reflect  +   c - +1 cloak {+Inv}
rCorr    +         Harm     .   U - +2 pair of gloves {archery}
MR       +++..                  o - +2 pair of boots
Stlth    ..........             t - amulet "Qiostalu" {Reflect rC+ SH+2}
HPRegen  0.00/turn              J - +5 ring of protection
MPRegen  0.13/turn              p - ring of protection from fire

@: lethally poisoned (-16 -> -16), protection aura, non-regenerating
A: damage resistance, heal wounds, negative energy resistance 1, sense
surroundings 3, no regeneration
}: 3/15 runes: barnacled, silver, gossamer
a: Heal Wounds, Minor Destruction, Lesser Servant of Makhleb, Major Destruction,
Greater Servant of Makhleb, Renounce Religion, Evoke Invisibility


You were on level 4 of the Realm of Zot.
You worshipped Makhleb.
Makhleb was exalted by your worship.
You were very full.

You visited 10 branches of the dungeon, and saw 49 of its levels.
You visited the Abyss 1 time.

You collected 6039 gold pieces.
You spent 1416 gold pieces at shops.

Inventory:

Hand Weapons
 b - the +8 broad axe of Exquisite Death (weapon) {protect, Int+2 Dex+3 Stlth+}
   (You found it on level 3 of the Lair of Beasts)

   It protects the one who uses it against injury (+AC on strike).
   It affects your intelligence (+2).
   It affects your dexterity (+3).
   It makes you more stealthy.
 E - a +2 scimitar of flaming
Armour
 c - a +1 cloak of invisibility (worn)
 o - a +2 pair of boots (worn)
 r - a +0 large shield (worn)
 I - the +8 plate armour "Qauh" (worn) {rElec rCorr Int+8 Dex-4}
   (You bought it in a shop on level 1 of the Elven Halls)

   It affects your intelligence (+8).
   It affects your dexterity (-4).
   It insulates you from electricity.
   It protects you from acid and corrosion.
 K - a +2 helmet of see invisible (worn)
 U - a +2 pair of gloves of archery (worn)
Jewellery
 p - a ring of protection from fire (right hand)
 t - the amulet "Qiostalu" (around neck) {Reflect rC+ SH+2}
   (You took it off a deep elf death mage on level 3 of the Elven Halls)

   [amulet of reflection]

   It shields you and reflects attacks.
   It protects you from cold.
   It affects your SH (+2).
 J - a +5 ring of protection (left hand)
Wands
 a - a wand of iceblast (15)
 v - a wand of disintegration (18)
 x - a wand of random effects (95)
 y - a wand of polymorph (29)
 z - a wand of clouds (8)
 M - a wand of enslavement (11)
 N - a wand of acid (17)
 P - a wand of digging (35)
 R - a wand of flame (54)
 V - a wand of paralysis (14)
Scrolls
 e - 17 scrolls of remove curse {@r2}
 i - 26 scrolls of teleportation
 k - 9 scrolls of immolation
 l - 4 scrolls of fog
 m - a scroll of silence
 n - a scroll of magic mapping
 A - 9 scrolls of identify {@r1}
 B - 8 scrolls of enchant weapon
 H - 4 scrolls of fear
 Q - 3 scrolls of blinking
 T - a scroll of summoning
Potions
 d - 4 potions of might
 g - 8 potions of agility
 h - 4 potions of resistance
 j - 16 potions of curing {@q1}
 q - 5 potions of berserk rage
 s - 8 potions of lignification
 u - 2 potions of ambrosia
 w - 5 potions of flight
 C - 7 potions of heal wounds
 D - 5 potions of invisibility
 L - 10 potions of haste
 O - 3 potions of mutation
Comestibles
 f - 72 rations


   Skills:
 + Level 21.0 Fighting
 - Level 18.0 Axes
 - Level 20.0 Armour
 - Level 20.0 Dodging
 - Level 20.0 Shields
 - Level 16.0 Invocations


You had 23 spell levels left.
You didn't know any spells.

Dungeon Overview and Level Annotations

Branches:
Dungeon (15/15)            Temple (1/1) D:5            Lair (6/6) D:9
 Shoals (4/4) Lair:3       Spider (4/4) Lair:4        Slime (0/5) Lair:5
    Orc (2/2) D:9             Elf (3/3) Orc:2        Vaults (5/5) D:14
  Crypt (0/3) Vaults:2     Depths (5/5) D:15            Zot (4/5) Depths:5

Altars:
Ashenzari
Cheibriados
Dithmenos
Elyvilon
Fedhas
Gozag
Hepliaklqana
Kikubaaqudgha
Makhleb
Nemelex Xobeh
Okawaru
Qazlal
Ru
Sif Muna
Trog
Uskayaw
Vehumet
Wu Jian
Xom
Yredelemnul
Zin
The Shining One
Beogh
Jiyva

Shops:
D:5 %   D:8 =   D:13 [   Orc:1 %*   Orc:2 [[:?   Elf:1 *   Shoals:2 [
Shoals:3 :   Vaults:2 ?   Vaults:5 (

Portals:
Abyss: Depths:1
Pandemonium: Depths:3

Annotations:
D:5 Prince Ribbit
Elf:2 exclusion: 3 doors
Zot:4 Tiamat


Innate Abilities, Weirdness & Mutations

You are resistant to damage.
You can heal yourself by infusing magical energy.
You resist negative energy. (rN+)
You passively map a large area around you.
You do not regenerate.


Message History

You block the purple draconian's attack.
Tiamat hits you with a glaive of protection!
* * * LOW HITPOINT WARNING * * *
Tiamat closely misses you. You block the white draconian's attack.
The yellow draconian hits you but does no damage.
The green draconian monk hits you.
* * * LOW HITPOINT WARNING * * *
You block the green draconian monk's attack. x2
The green draconian monk tail-slaps you.
* * * LOW HITPOINT WARNING * * *
The moth of wrath goads the red draconian on!
The red draconian goes berserk!
The moth of wrath goads the yellow draconian on!
The yellow draconian goes berserk!
The curse toe gestures.
The ghost moth stares at you.
The yellow draconian rages.
The purple draconian completely misses you.
Tiamat hits you with a glaive of protection!!!
You die...

*,,,* *,,****** **,,,* ,,,,*
#.,#....#### *,,,,* ,,,,*
###.,#....,..# *,,,** ,,,,*
#....#.......# *,,,*
*,,,*****#....#...#...##***,**
,,,,,,,,,.....*........[,,,,,*
,,,,,,,,,.....fqfqf.....,,,,,*
,,,,,,,,,....qddddy.....,,,,,*
,,,,,,,,,,**,f#q@#******,*,,,*
*,,,,,,,,,*#.dddz# *,*,,,*
*,,,*,,,,**#..DyD# *,*,,,*
**,***,,,* #...fy# *,*,,,*
,*,* ******#..#..# *,*,,,*
,*,* #...#..# *,*,,,* ,*,*
#..,#..# *,*,,,* **,* #..,#..#
*****,*,,,*
**,*********,,*,,***,,,,,*,,,*


You could see Tiamat (berserk), an orb of fire, a green draconian monk
(berserk), a purple draconian knight (invisible), a golden dragon, a storm
dragon (berserk), 2 draconians, a purple draconian (berserk), a red draconian
(berserk), 2 draconians, a curse toe, 2 draconians, a ghost moth (invisible), 2
moths of wrath and 4 wandering mushrooms.

Vanquished Creatures
  A juggernaut (Depths:3)
  Saint Roka (Depths:2)
  A Killer Klown (Zot:2)
  4 golden dragons (Vaults:5)
  Nikola (Spider:1)
  A bone dragon (Vaults:2)
  2 liches
  7 tentacled monstrosities
  Rupert (Lair:3)
  2 electric golems
  3 titans
  2 deep elf blademasters (Elf:3)
  5 quicksilver dragons
  A tentacled starspawn (Abyss:2)
  Polyphemus (Shoals:4)
  4 sphinxes
  4 death cobs
  A kraken (Shoals:2)
  8 shadow dragons
  Roxanne (Spider:1)
  Kirke (Lair:6)
  Agnes (D:14)
  Ilsuiw (Shoals:4)
  8 tengu reavers (Vaults:5)
  9 storm dragons
  2 draconian monks (Zot:3)
  3 fire giants (Vaults:5)
  5 frost giants
  Donald (Vaults:1)
  2 draconian knights (Depths:5)
  15 vault wardens
  7 deep elf sorcerers
  3 orc warlords
  3 ghost moths
  3 draconian scorchers
  3 draconian shifters
  8 emperor scorpions
  A draconian stormcaller (Zot:4)
  8 deep elf elementalists
  12 very ugly things
  12 stone giants
  A spriggan defender (Depths:5)
  2 entropy weavers
  3 war gargoyles
  16 ironheart preservers
  A vampire knight (Depths:3)
  8 deep elf demonologists
  4 green draconians
  3 yellow draconians
  5 black draconians
  A purple draconian (Zot:3)
  3 red draconians
  6 spark wasps (Depths:5)
  6 deep elf annihilators
  5 white draconians
  Azrael (D:12)
  5 deep elf death magi
  9 ettins
  6 fire dragons
  3 merfolk javelineers (Shoals:4)
  6 merfolk impalers
  A green death (Abyss:2)
  10 yaktaur captains
  8 deep elf high priests
  Josephine (D:12)
  2 great orbs of eyes
  3 hydras
  11 ice dragons
  19 ogre magi
  34 vault guards
  A catoblepas (Lair:6)
  Erica (D:8)
  5 spriggan air magi
  2 rakshasas
  4 merfolk avatars
  6 centaur warriors
  An alligator snapping turtle (Shoals:3)
  5 death knights
  5 merfolk aquamancers
  22 dancing weapons
  51 two-headed ogres
  5 deep troll shamans
  5 tengu warriors
  6 deep troll earth magi
  4 spriggan berserkers
  3 thrashing horrors (Abyss:2)
  3 orc high priests
  8 death yaks
  Urug (Lair:3)
  8 deep elf knights
  A storm dragon zombie (Vaults:4)
  6 spriggans
  A soul eater (Depths:3)
  A fire crab (Lair:5)
  3 hell knights (Vaults:3)
  An iron troll (D:14)
  A sixfirhy (Abyss:2)
  4 shadow wraiths
  3 skeletal warriors
  6 wizards
  14 sea snakes
  A flayed ghost (Vaults:1)
  An unseen horror (Vaults:1)
  An orange crystal statue (Vaults:3)
  22 deep trolls
  5 starcursed masses (Abyss:2)
  Pikel (D:5)
  A lindwurm (Lair:6)
  A shadow dragon zombie (Vaults:5)
  7 necromancers
  A phantasmal warrior (Abyss:2)
  19 ironbrand convokers
  A lindwurm (shapeshifter) (Vaults:5)
  14 orc knights
  21 harpies
  12 deep elf archers
  A harpy (shapeshifter) (Vaults:5)
  An orb spider (shapeshifter) (Vaults:3)
  16 orb spiders
  18 wolf spiders
  6 orc sorcerers
  7 fauns
  16 cyclopes
  52 deep elf magi
  11 manticores
  35 ugly things
  A fire giant zombie (Depths:1)
  A frost giant zombie (Abyss:2)
  16 vault sentinels
  6 large abominations
  Maurice (D:12)
  15 moths of wrath
  A stone giant skeleton (Vaults:5)
  A frost giant skeleton (Vaults:2)
  8 merfolk sirens
  A black mamba (Lair:6)
  21 elephants
  Joseph (D:10)
  A guardian serpent (Elf:1)
  2 centaur zombies
  A smoke demon (Abyss:2)
  A water nymph (shapeshifter) (Vaults:3)
  An orange demon (Depths:3)
  9 water nymphs
  14 spiny frogs
  A rime drake (Lair:6)
  A komodo dragon (shapeshifter) (Vaults:4)
  A kobold demonologist (D:11)
  3 komodo dragons
  41 yaktaurs
  4 efreet
  9 freezing wraiths
  9 demonic crawlers
  A tormentor (Depths:3)
  A guardian mummy (Zot:1)
  A shadow dragon simulacrum (Depths:1)
  An ancient zyme (Abyss:2)
  3 tengu conjurers
  5 trolls
  A yaktaur zombie (Vaults:4)
  2 red devils (Depths:3)
  35 jumping spiders
  Grinder (D:6)
  22 merfolk
  7 wind drakes
  9 hornets
  A polar bear (Lair:4)
  A harpy skeleton (D:15)
  A slime creature (shapeshifter) (Elf:3)
  A deep troll zombie (Depths:1)
  14 hippogriffs
  4 raiju (Abyss:2)
  An ettin zombie (Vaults:4)
  24 slime creatures
  A blink frog (shapeshifter) (Vaults:4)
  A frost giant simulacrum (Abyss:2)
  A hippogriff (shapeshifter) (D:14)
  9 snapping turtles
  8 blink frogs
  14 dream sheep
  2 human simulacra
  2 ettin skeletons (Vaults:5)
  27 tarantellas
  A redback (shapeshifter) (Vaults:1)
  3 air elementals
  2 wyverns
  100 redbacks
  11 wraiths
  12 water elementals
  7 hogs
  A basilisk (shapeshifter) (Vaults:3)
  5 fire elementals
  A yak (shapeshifter) (Vaults:1)
  5 basilisks
  A human (D:7)
  2 vampire mosquitoes (D:14)
  28 yaks
  An elf skeleton (Depths:1)
  Grum (D:8)
  A hungry ghost (D:7)
  13 wargs
  Edmund (D:5)
  13 porcupines
  Duvessa (D:4)
  4 acid dragons
  2 acid dragons (shapeshifter)
  24 water moccasins
  A floating eye (Depths:3)
  5 hell hounds (D:12)
  40 orc warriors
  5 black bears
  A deep troll simulacrum (Depths:1)
  An ice beast (D:13)
  An eye of draining (D:9)
  3 sky beasts
  A necrophage (D:7)
  4 phantoms
  An ogre (shapeshifter) (Vaults:3)
  2 small abominations (Abyss:2)
  26 wolves
  53 ogres
  15 crocodiles
  14 centaurs
  17 bullfrogs
  A big kobold (D:14)
  4 elf zombies
  A gnoll sergeant (Orc:1)
  2 earth elementals
  A water moccasin zombie (D:9)
  Dowan (D:4)
  A wyvern skeleton (D:11)
  3 scorpions
  9 wights
  14 killer bees
  2 electric eels (Lair:6)
  4 howler monkeys
  6 crimson imps
  3 jellies
  A quasit (Depths:5)
  2 bullfrog zombies
  9 hounds
  A gnoll shaman (D:6)
  2 human zombies (D:7)
  23 orc priests
  48 orc wizards
  A centaur skeleton (D:7)
  4 bullfrog skeletons
  Terence (D:3)
  9 iguanas
  2 yak simulacra (D:14)
  11 worker ants
  2 polar bear simulacra (D:14)
  4 wolf simulacra (D:14)
  4 hound zombies
  A hound skeleton (D:7)
  4 mummies
  Robin (D:3)
  9 gnolls
  22 adders
  3 shadow imps
  An ufetubus (Abyss:2)
  2 oozes
  An adder skeleton (D:6)
  An adder zombie (D:6)
  5 worms
  A dart slug (D:1)
  The ghost of Amnesiac the Ducker, a weakling SpFi (D:4)
  2 leopard geckos
  107 orcs
  6 giant cockroaches
  23 goblins
  14 hobgoblins
  13 jackals
  9 quokkas
  3 ball pythons
  6 bats
  6 frilled lizards
  A jackal zombie (D:7)
  11 kobolds
  A leopard gecko skeleton (D:7)
  A leopard gecko zombie (D:5)
  An orc skeleton (D:7)
  An orc zombie (D:7)
  A quokka skeleton (D:9)
  13 rats
  3 river rat simulacra (D:14)
  2 fungi (Lair:6)
  9 plants
  2 starspawn tentacles (Abyss:2)
  A tentacle (Shoals:2)
2066 creatures vanquished.

Vanquished Creatures (collateral kills)
  Asterion (Spider:1)
  The ghost of Nib the Champion of Chaos, an adept DsGl of Makhleb (Shoals:4)
  Frances (Shoals:1)
  A catoblepas (Shoals:4)
  A death yak (Shoals:4)
  2 oklob plants (Lair:2)
  A manticore (Shoals:4)
  A water elemental (Shoals:4)
  A plant (Lair:2)
10 creatures vanquished.

Vanquished Creatures (others)
  3 deep elf master archers (Elf:3)
  A ghost moth (Zot:3)
  A draconian stormcaller (Zot:3)
  5 merfolk javelineers
  A yaktaur captain (Vaults:2)
  A fire dragon (Zot:2)
  A centaur warrior (Depths:1)
  A merfolk aquamancer (Shoals:4)
  2 satyrs
  A death yak (Lair:6)
  2 deep elf knights
  4 deep elf archers
  2 deep elf magi
  A faun (Shoals:1)
  A cyclops (Vaults:2)
  A manticore (Shoals:1)
  An orc sorcerer (Orc:1)
  14 yaktaurs
  4 redbacks
  A fire elemental (Elf:3)
  2 humans (Lair:6)
  A slave (D:5)
  A centaur (Depths:1)
  An orc wizard (Orc:1)
  2 jackals (D:5)
  9 fungi
  7 plants
  3 starspawn tentacles (Abyss:2)
  3 tentacles (Shoals:2)
77 creatures vanquished.

Grand Total: 2153 creatures vanquished

Notes
Turn   | Place    | Note
-------+----------+-------------------------------------------
     0 | D:1      | kuniqs the Deep Dwarf Fighter began the quest for the Orb.
     0 | D:1      | Reached XP level 1. HP: 20/20 MP: 1/1
   111 | D:1      | Reached XP level 2. HP: 24/27 MP: 2/2
   197 | D:1      | Reached skill level 1 in Dodging
   464 | D:1      | Reached skill level 3 in Fighting
   464 | D:1      | Reached XP level 3. HP: 28/34 MP: 3/3
   936 | D:2      | Found a blossoming altar of Fedhas.
  1167 | D:2      | Reached XP level 4. HP: 35/42 MP: 3/3
  1495 | D:3      | Noticed Terence
  1507 | D:3      | Killed Terence
  1590 | D:3      | Noticed Robin
  1599 | D:3      | Reached XP level 5. HP: 33/49 MP: 4/4
  1638 | D:3      | Killed Robin
  1841 | D:3      | You fall through a shaft!
  1856 | D:4      | Reached XP level 6. HP: 49/57 MP: 4/4
  1888 | D:3      | Found a hazy altar of Hepliaklqana.
  2273 | D:3      | Found a sacrificial altar of Ru.
  2276 | D:3      | Found an ornate altar of the Wu Jian Council.
  2568 | D:4      | Noticed Dowan
  2578 | D:4      | Reached skill level 4 in Fighting
  2591 | D:4      | Killed Dowan
  2591 | D:4      | Reached XP level 7. HP: 62/64 MP: 4/4
  2602 | D:4      | Noticed Amnesiac's ghost (weakling SpFi)
  2612 | D:4      | Reached skill level 5 in Armour
  2612 | D:4      | Reached skill level 5 in Shields
  2631 | D:4      | Killed Amnesiac's ghost
  2907 | D:4      | Noticed Duvessa
  2947 | D:4      | Killed Duvessa
  3058 | D:5      | Entered Level 5 of the Dungeon
  3069 | D:5      | Got a transparent buckler
  3081 | D:5      | Identified the +0 buckler of the Thoughtful Tables {*Slow rPois Int+7 Stlth+} (You found it on level 5 of the Dungeon)
  3114 | D:5      | Noticed Edmund
  3135 | D:5      | Killed Edmund
  3247 | D:5      | Noticed Pikel
  3281 | D:5      | Killed Pikel
  3281 | D:5      | Reached skill level 5 in Fighting
  3281 | D:5      | Reached skill level 5 in Axes
  3281 | D:5      | Reached XP level 8. HP: 65/74 MP: 5/5
  3307 | D:5      | Found a snail-covered altar of Cheibriados.
  3444 | D:5      | Found Jexeus's Food Shop.
  3489 | D:5      | Found a staircase to the Ecumenical Temple.
  3498 | Temple   | Entered the Ecumenical Temple
  3802 | D:5      | Found a glowing silver altar of Zin.
  3920 | D:5      | Noticed Prince Ribbit
  3948 | D:6      | Reached skill level 5 in Dodging
  4311 | D:6      | Noticed Grinder
  4334 | D:6      | Killed Grinder
  4334 | D:6      | Gained mutation: You passively map the area around you. [Deep Dwarf growth]
  4334 | D:6      | Reached XP level 9. HP: 51/81 MP: 6/6
  4950 | D:7      | Found a shimmering altar of Xom.
  4993 | D:7      | Reached skill level 6 in Fighting
  5130 | D:7      | Found a basalt altar of Yredelemnul.
  5549 | D:7      | Reached XP level 10. HP: 60/92 MP: 6/6
  5865 | D:8      | Found a hide-covered altar of Uskayaw.
  5906 | D:8      | Found Dekytsuacs's Jewellery Boutique.
  5944 | D:8      | Noticed Grum
  5950 | D:8      | Killed Grum
  6018 | D:8      | Noticed Erica
  6022 | D:8      | Found a blossoming altar of Fedhas.
  6138 | D:8      | Found a burning altar of Makhleb.
  6145 | D:8      | Became a worshipper of Makhleb the Destroyer
  6197 | D:8      | Reached skill level 7 in Fighting
  6241 | D:8      | Noticed a moth of wrath
  6244 | D:8      | Found a bloodstained altar of Trog.
  6340 | D:8      | Reached skill level 1 in Invocations
  6360 | D:8      | Found a radiant altar of Vehumet.
  6385 | D:8      | Killed Erica
  6820 | D:9      | Found a staircase to the Lair.
  6885 | D:9      | Reached * piety under Makhleb
  6913 | D:9      | Reached XP level 11. HP: 77/100 MP: 5/5
  7002 | D:9      | Found a staircase to the Orcish Mines.
  7312 | D:9      | Found a radiant altar of Vehumet.
  7320 | D:9      | Found an ancient bone altar of Kikubaaqudgha.
  7330 | D:9      | Found a deep blue altar of Sif Muna.
  7536 | D:10     | Entered Level 10 of the Dungeon
  7723 | D:10     | Reached ** piety under Makhleb
  7880 | D:10     | Noticed a wizard
  7884 | D:10     | Noticed a wizard
  7918 | D:10     | Noticed a wizard
  7950 | D:10     | Killed a wizard
  7993 | D:10     | Noticed Joseph
  8012 | D:10     | Killed Joseph
  8352 | D:11     | Noticed a cyan ugly thing
  8363 | D:11     | Killed a cyan ugly thing
  8363 | D:11     | Reached skill level 5 in Invocations
  8492 | D:11     | Found a shadowy altar of Dithmenos.
  8520 | D:11     | Noticed a deep elf mage
  8589 | D:11     | Killed a deep elf mage
  8611 | D:11     | Paralysed by a wizard for 2 turns
  8615 | D:11     | Killed a wizard
  8628 | D:11     | Killed a wizard
  9107 | D:11     | Reached *** piety under Makhleb
  9298 | Lair:1   | Entered Level 1 of the Lair of Beasts
  9330 | Lair:1   | Reached skill level 10 in Invocations
  9432 | Lair:1   | Noticed a four-headed hydra
  9443 | Lair:1   | Reached XP level 12. HP: 110/110 MP: 3/3
  9456 | Lair:1   | Killed a four-headed hydra
 10001 | Lair:1   | Reached **** piety under Makhleb
 11032 | Lair:3   | Noticed Rupert
 11051 | Lair:3   | Killed Rupert
 11051 | Lair:3   | Reached skill level 15 in Invocations
 11114 | Lair:3   | Got a crystal broad axe
 11115 | Lair:3   | Identified the +8 broad axe of Exquisite Death {protect, Int+2 Dex+3 Stlth+} (You found it on level 3 of the Lair of Beasts)
 11244 | Lair:3   | Reached skill level 8 in Fighting
 11264 | Lair:3   | Reached XP level 13. HP: 117/117 MP: 7/7
 11454 | Lair:3   | Noticed Urug
 11485 | Lair:3   | Killed Urug
 11520 | Lair:3   | Found a staircase to the Shoals.
 11943 | Lair:4   | Reached skill level 10 in Shields
 12035 | Lair:4   | Found a hole to the Spider Nest.
 12078 | Lair:4   | Reached skill level 10 in Armour
 12831 | Lair:5   | Found a viscous altar of Jiyva.
 12922 | Lair:5   | Found a staircase to the Slime Pits.
 13032 | Lair:5   | Reached skill level 10 in Axes
 13065 | Lair:5   | Reached ***** piety under Makhleb
 13424 | Lair:6   | Entered Level 6 of the Lair of Beasts
 13529 | Lair:6   | Noticed Kirke
 13544 | Lair:6   | Killed Kirke
 13544 | Lair:6   | Reached skill level 9 in Fighting
 13544 | Lair:6   | Reached skill level 10 in Dodging
 13695 | Lair:6   | Gained mutation: You resist negative energy. (rN+) [Deep Dwarf growth]
 13695 | Lair:6   | Reached XP level 14. HP: 129/129 MP: 9/9
 14538 | Orc:1    | Entered Level 1 of the Orcish Mines
 14538 | Orc:1    | Found Raizikyl's Assorted Antiques.
 14809 | Orc:1    | Bought a shimmering chain mail for 266 gold pieces
 14819 | Orc:1    | Identified the +1 chain mail of the King of the Hill {-Cast rElec rPois Dex-4} (You bought it in a shop on level 1 of the Orcish Mines)
 15051 | Orc:2    | Entered Level 2 of the Orcish Mines
 15051 | Orc:2    | Found a staircase to the Elven Halls.
 15053 | Orc:2    | Noticed an orc warlord
 15060 | Orc:2    | Reached ****** piety under Makhleb
 15089 | Orc:1    | Killed an orc warlord
 15120 | Orc:2    | Noticed an orc warlord
 15160 | Orc:2    | Killed an orc warlord
 15256 | Orc:2    | Reached skill level 10 in Fighting
 15296 | Orc:2    | Reached XP level 15. HP: 138/138 MP: 10/10
 15338 | Orc:2    | Found Ecoxkolann's Armour Shoppe.
 15339 | Orc:2    | Found Susaos's Magic Scroll Boutique.
 15339 | Orc:2    | Found Iggoif's Book Shoppe.
 15339 | Orc:2    | Found Zeirah's Armour Shop.
 15346 | Orc:2    | Bought a scroll of noise for 14 gold pieces
 15352 | Orc:2    | Bought a +0 large shield for 63 gold pieces
 15637 | Orc:1    | Found Atifoaw's Food Boutique.
 15749 | Orc:1    | Found a transporter.
 15765 | Orc:1    | Found a roughly hewn altar of Beogh.
 15840 | Orc:1    | Found a transporter.
 16038 | D:12     | Noticed Josephine
 16050 | D:12     | Killed Josephine
 16056 | D:12     | Noticed Maurice
 16067 | D:12     | Killed Maurice
 16234 | D:12     | Noticed Azrael
 16247 | D:12     | Killed Azrael
 16483 | D:12     | Noticed Sonja
 16485 | D:12     | Noticed Sonja
 16485 | D:12     | Sonja changed into Sonja the basilisk
 16491 | D:12     | Killed Sonja the basilisk
 17340 | D:13     | Found Tan Weqy's Armour Emporium.
 17768 | D:14     | Reached skill level 11 in Fighting
 17798 | D:14     | Noticed Agnes
 17820 | D:14     | Killed Agnes
 18165 | D:14     | Found a gate to the Vaults.
 18205 | D:15     | Entered Level 15 of the Dungeon
 18407 | D:15     | Reached XP level 16. HP: 150/150 MP: 11/11
 18701 | D:15     | Found a staircase to the Depths.
 19134 | D:8      | Bought a +2 amulet of reflection for 112 gold pieces
 19323 | Spider:1 | Entered Level 1 of the Spider Nest
 19721 | Spider:1 | Noticed Roxanne
 19742 | Spider:1 | Killed Roxanne
 20045 | Spider:1 | Noticed Asterion
 20355 | Spider:1 | Noticed Nikola
 20392 | Spider:1 | Killed Nikola
 20534 | Spider:1 | Killed Asterion
 20684 | Spider:2 | HP: 6/152 [jumping spider (18)]
 21099 | Spider:2 | Reached skill level 12 in Fighting
 21577 | Spider:3 | Reached XP level 17. HP: 139/159 MP: 9/9
 21911 | Spider:4 | Entered Level 4 of the Spider Nest
 22489 | Spider:4 | Got a gossamer rune of Zot
 23215 | Shoals:1 | Entered Level 1 of the Shoals
 23396 | Shoals:1 | Found a runed door.
 23786 | Shoals:1 | Noticed Frances
 23795 | Shoals:1 | Killed Frances
 24044 | Shoals:2 | Found Odankywo's Armour Shop.
 24058 | Shoals:2 | Reached skill level 15 in Armour
 24061 | Shoals:2 | Reached skill level 15 in Shields
 24106 | Shoals:2 | Bought a +2 pair of gloves of archery for 301 gold pieces
 24240 | Shoals:2 | Noticed a kraken
 24253 | Shoals:2 | Killed a kraken
 24731 | Shoals:3 | Reached skill level 15 in Axes
 24731 | Shoals:3 | Gained mutation: You passively map a large area around you. [Deep Dwarf growth]
 24731 | Shoals:3 | Reached XP level 18. HP: 116/170 MP: 10/10
 24808 | Shoals:3 | Reached skill level 13 in Fighting
 25086 | Shoals:3 | Found Sakkiff's Book Shoppe.
 25357 | Shoals:4 | Entered Level 4 of the Shoals
 25399 | Shoals:4 | Noticed Nib's ghost (adept DsGl)
 25419 | Shoals:4 | Killed Nib's ghost
 25500 | Shoals:4 | Noticed Polyphemus
 25516 | Shoals:4 | Killed Polyphemus
 25702 | Shoals:4 | Noticed Ilsuiw
 25734 | Shoals:4 | Reached skill level 15 in Dodging
 25799 | Shoals:4 | Killed Ilsuiw
 25957 | Shoals:4 | Identified the cursed +1 war axe of Recklessness {venom, SInv} (You found it on level 4 of the Shoals)
 26020 | Shoals:4 | Got a barnacled rune of Zot
 26458 | Shoals:4 | Got a crude wooden ring
 26459 | Shoals:4 | Identified the ring "Bocuarpha" {rN+ Int+5 Dex-5 Stlth+} (You found it on level 4 of the Shoals)
 26731 | Elf:1    | Entered Level 1 of the Elven Halls
 27038 | Elf:1    | Found Jofo's Assorted Antiques.
 27059 | Elf:1    | Bought a pitted plate armour for 616 gold pieces
 27059 | Elf:1    | Bought a scroll of identify for 44 gold pieces
 27059 | Elf:1    | Identified the +8 plate armour "Qauh" {rElec rCorr Int+8 Dex-4} (You bought it in a shop on level 1 of the Elven Halls)
 27376 | Elf:1    | Cast into level 2 of the Abyss (a deep elf sorcerer)
 27421 | Abyss:2  | Found a shimmering altar of Xom.
 27633 | Abyss:2  | Reached XP level 19. HP: 181/181 MP: 11/11
 27719 | Elf:1    | Escaped the Abyss
 28051 | Elf:2    | Found a runed gate.
 28051 | Elf:2    | Found a runed gate.
 28052 | Elf:2    | Found a runed gate.
 28436 | Elf:2    | Reached skill level 14 in Fighting
 28596 | Elf:3    | Entered Level 3 of the Elven Halls
 29485 | Elf:3    | Reached XP level 20. HP: 141/192 MP: 12/12
 29494 | Elf:3    | Got a sparkling emerald amulet
 29496 | Elf:3    | Identified the amulet "Qiostalu" {Reflect rC+ SH+2} (You took it off a deep elf death mage on level 3 of the Elven Halls)
 29566 | Elf:3    | Found the +9 heavy crossbow "Sniper" {velocity, Acc+∞ SInv}
 29935 | Vaults:1 | Entered Level 1 of the Vaults
 30536 | Vaults:1 | Noticed Donald
 30545 | Vaults:1 | Killed Donald
 31296 | Vaults:2 | Reached skill level 15 in Fighting
 31708 | Vaults:2 | Noticed a bone dragon
 31709 | Vaults:2 | Found a staircase to the Crypt.
 31733 | Vaults:2 | Killed a bone dragon
 31989 | Vaults:2 | Found Keyrph's Magic Scroll Boutique.
 32061 | Vaults:2 | Found a shimmering altar of Xom.
 32628 | Vaults:3 | Reached XP level 21. HP: 168/201 MP: 13/13
 34894 | Vaults:5 | Entered Level 5 of the Vaults
 34957 | Vaults:5 | Noticed a golden dragon
 34982 | Vaults:5 | Killed a golden dragon
 34985 | Vaults:5 | Reached skill level 16 in Fighting
 35031 | Vaults:5 | Reached XP level 22. HP: 213/213 MP: 14/14
 35056 | Vaults:5 | Noticed a golden dragon
 35078 | Vaults:5 | Killed a golden dragon
 35480 | Vaults:5 | Noticed a golden dragon
 35502 | Vaults:5 | Killed a golden dragon
 35741 | Vaults:5 | Identified the Guide on Unholy Fire
 35797 | Vaults:5 | Got a silver rune of Zot
 35874 | Vaults:5 | Reached XP level 23. HP: 197/223 MP: 15/15
 36004 | Vaults:5 | Reached skill level 17 in Fighting
 36341 | Vaults:5 | Got a heavily runed amethyst amulet
 36353 | Vaults:5 | Found Qivut's Weapon Shop.
 36354 | Vaults:5 | Identified the amulet of the Last Blessings {Spirit rPois} (You took it off a vault sentinel on level 5 of the Vaults)
 36357 | Vaults:5 | Identified a scroll of acquirement
 36860 | Depths:1 | Entered Level 1 of the Depths
 36860 | Depths:1 | Found a one-way gate to the infinite horrors of the Abyss.
 37043 | Depths:3 | Found a one-way gate leading to the halls of Pandemonium.
 37081 | Depths:2 | Noticed Saint Roka
 37148 | Depths:2 | Killed Saint Roka
 37224 | Depths:3 | Noticed a juggernaut
 37257 | Depths:3 | Killed a juggernaut
 37329 | Depths:4 | Reached skill level 18 in Fighting
 37362 | Depths:5 | Entered Level 5 of the Depths
 37558 | Depths:5 | Reached skill level 19 in Fighting
 37584 | Depths:5 | Reached XP level 24. HP: 241/241 MP: 12/12
 37595 | Depths:5 | Found a gate to the Realm of Zot.
 37674 | Zot:1    | Entered Level 1 of the Realm of Zot
 37880 | Zot:2    | Reached skill level 20 in Fighting
 38137 | Zot:4    | Noticed Tiamat
 38285 | Zot:4    | Reached skill level 21 in Fighting
 38292 | Zot:4    | Noticed an orb of fire
 38294 | Zot:4    | Demolished by Tiamat

Vault maps used:
D:1:      ncdulo_wetmaze
D:2:      fedhas_altar_2
D:3:      lemuel_round_altar, minitemple, grunt_decor_clamped, st_stairs_1,
          uniq_robin, uniq_terence
D:4:      first_ration, uniq_duvessa
D:5:      lemuel_coloured_pillars_altar, slow_altar_1, lemuel_temple_firewalk_b,
          serial_shops, shop, kennysheep_generic_room_3, uniq_pikel,
          uniq_prince_ribbit1, uniq_edmund
D:6:      uniq_grinder
D:7:      kennysheep_mini, grunt_livestock, lemuel_mausoleum_altar_yredelemnul
D:8:      nicolae_overflow_crystal_walls, kennysheep_mini_moat, tgw_trog,
          serial_shops, nicolae_shop_behind_doors, hangedman_feature_mirror,
          uniq_grum, uniq_erica
D:9:      palyth_temple_overflow_mages, minmay_lair_entry_grove
D:10:     bh_hangedman_babel_library, uniq_joseph
D:11:     nicolae_dithmenos_shadow_blocks
D:12:     uniq_maurice, uniq_azrael, uniq_sonja, uniq_josephine
D:13:     serial_shops, shop, lightli_wizard_tower
D:14:     david_vaults_4, infiniplex_staircase_pillars_1,
          eino_house_with_fridge, uniq_agnes
D:15:     grunt_enter_depths_hoard, hex_tiny
Temple:   nicolae_temple_figure_zero
Lair:1:   lemuel_reptile_caves, beast_lair_carwin_3
Lair:2:   dpeg_oklob_gauntlet
Lair:3:   elwin_shoals_entry_stream, grunt_megastairs_4, uniq_urug, uniq_rupert
Lair:4:   spider_nest_entry_rubble, nicolae_quartered_pool_medium
Lair:5:   beast_lair_carwin_large_2, slime_altar_1
Lair:6:   grunt_lair_end_beastmaster, disabler_island, uniq_kirke
Shoals:1: lightli_airlock, uniq_frances
Shoals:2: serial_shops, nicolae_shop_window_shopping
Shoals:3: serial_shops, nicolae_shop_behind_doors
Shoals:4: shoals_end_simple, shoals_ilsuiw_ice, uniq_polyphemus
Spider:1: uniq_roxanne, uniq_nikola, uniq_asterion
Spider:3: nicolae_spider_cling_ruins, nicolae_spider_cling_halls
Spider:4: grunt_spider_rune_circles
Orc:1:    gammafunk_beogh_shrine, serial_shops, shop_statue, shop,
          guppyfry_orc_lava_fort
Orc:2:    st_orc_ogre_mass
Elf:1:    minmay_elf_arrival_plus, serial_shops, shop, hangedman_elf_represent,
          fake_guardian_serpent_vault
Elf:2:    st_stairs_10
Elf:3:    minmay_elf_hall_not_hex
Vaults:1: st_squares, v_pattern_4, ontoclasm_vaults_misaligned,
          nicolae_vaults_little_squares_3, ontoclasm_vaults_decontamination,
          v_alt_pattern_4, v_misc_2, vaults_room_pool, v_misc_18,
          vaults_dpeg_ring, v_misc_31, v_misc_12, vaults_dpeg_hooks,
          nicolae_vaults_asterisk, uniq_donald
Vaults:2: grunt_vaults_swirl, nicolae_vaults_triangles,
          nicolae_vaults_little_ls, minmay_crypt_entry_nasty_monster,
          serial_shops, shop, basic_altar
Vaults:3: vaults_room_hallway, nicolae_vaults_angled_halls,
          hangedman_vaults_hat, v_misc_33, grunt_vaults_bifocal,
          nicolae_vaults_statue_guard, nicolae_vaults_three_branches,
          vaults_mumra_minichess, v_misc_26, ontoclasm_vaults_ligature,
          vaults_mumra_minichess_inversion, nicolae_vaults_shelves_hall
Vaults:4: nicolae_vaults_fighting_squares, v_misc_4,
          ontoclasm_vaults_misaligned, grunt_vaults_trifunnel,
          nicolae_vaults_what_the_h, ontoclasm_vaults_tryst, v_misc_12,
          ontoclasm_vaults_chip, v_misc_27, nicolae_vaults_rhombus_7,
          vaults_dpeg_diagonal
Depths:1: kennysheep_large_spiral, rand_demon_pan_entry_4, hell_entry,
          serial_sigils_hangedman_confine, abyss_entry
Depths:2: minmay_nine_rooms, rand_demon_pan_entry_9, hell_entry, uniq_saint_roka
Depths:3: hangedman_cross_cluster, enter_ziggurat_a, rand_demon_pan_entry_3,
          minivault_14, pf_hell_entry_tar_spiral, minivault_22,
          hangedman_cracks_in_the_wall
Depths:4: evilmike_horseshoe, hell_entry, minmay_room_of_horrors,
          minmay_staircase_bubble
Depths:5: grunt_zot_entry_bicorn, abyss_entry_small_statue_room, hell_entry,
          grunt_pan_entry_spiral, grunt_megastairs_5
Zot:1:    hangedman_player_shredder
Zot:2:    hangedman_zot_vaults_quadrants
Zot:3:    st_large_dragon_hoard_2, basic_stair_grate_trap
Zot:4:    gammafunk_mikee_crab_dinner, uniq_tiamat

Skill      XL: |  1  2  3  4  5  6  7  8  9 10 11 12 13 14 15 16 17 18 19 20 21 22 23 24 |
---------------+-------------------------------------------------------------------------+-----
Dodging        | 1 2 3 4 5 6 8 10 11 12 13 14 15 16 17 18 19 20 | 20.0
Fighting       | 3 4 5 6 7 8 9 10 11 12 13 14 15 16 19 21 | 21.0
Axes           | 3 4 5 6 7 8 9 10 11 12 14 15 16 17 18 | 18.0
Armour         | 4 6 7 8 9 10 12 13 14 15 16 17 18 19 20 | 20.0
Shields        | 4 6 7 9 10 12 13 14 15 16 17 18 19 20 | 20.0
Invocations    | 3 10 15 16 | 16.0

Action                   |  1- 3 |  4- 6 |  7- 9 | 10-12 | 13-15 | 16-18 | 19-21 | 22-24 || total
-------------------------+-------+-------+-------+-------+-------+-------+-------+-------++-------
Melee: War axe           |   144 |   178 |    26 |       |       |       |       |       ||   348
       Dagger            |       |    75 |    41 |       |       |       |       |       ||   116
       Dire flail        |       |       |   410 |  1186 |       |       |       |       ||  1596
       Broad axe         |       |       |       |    41 |  1258 |  2074 |  1877 |  1652 ||  6902
       Scimitar          |       |       |       |       |    11 |       |       |       ||    11
Throw: Throwing net      |       |       |     1 |       |       |       |       |       ||     1
Invok: Lesser Servant of |       |       |       |     7 |       |     2 |       |       ||     9
       Greater Servant o |       |       |       |       |       |    10 |       |       ||    10
 Abil: Heal Wounds       |     2 |     3 |     7 |    44 |       |    13 |       |     9 ||    78
Evoke: Wand              |       |       |       |    12 |     2 |    32 |     2 |       ||    48
  Use: Scroll            |       |       |    13 |    10 |     5 |    10 |     3 |    14 ||    55
       Potion            |       |       |       |     2 |       |    10 |     1 |     2 ||    15
 Stab: Held in net/web   |       |       |     1 |       |       |       |       |       ||     1
       Petrified         |       |       |       |       |     5 |       |       |       ||     5
       Distracted        |       |       |       |       |       |     1 |     1 |     4 ||     6
       Sleeping          |       |       |       |       |       |       |     1 |       ||     1
  Eat: Chunk             |     1 |     5 |    14 |    21 |    26 |    30 |    27 |     3 ||   127
       Ration            |       |       |       |       |       |     1 |       |     6 ||     7
Armor: Scale mail        |    66 |    35 |       |       |       |       |       |       ||   101
       Chain mail        |       |   103 |   337 |  1135 |   450 |       |       |       ||  2025
       Plate armour      |       |       |       |       |   205 |  1373 |   549 |  1042 ||  3169
Dodge: Dodged            |    56 |    81 |   274 |  1009 |   609 |  1037 |   380 |   804 ||  4250
Block: Shield            |    81 |   166 |    42 |    40 |   591 |       |       |       ||   920
       Large shield      |       |       |       |       |   528 |  2861 |  1703 |  2244 ||  7336
       Reflection        |       |       |       |       |       |    68 |   150 |    45 ||   263
       Rpst.: Scimitar   |       |       |       |       |     1 |       |       |       ||     1

Table legend:
 A = Spawn XP
 B = Non-spawn XP
 C = Spawn XP percentage of total XP
 D = Spawn monster count
 E = Non-spawn monster count
 F = Spawn count percentage of total count
 G = Total turns spent on level
                    A         B        C        D         E        F      G
               +---------+---------+-------+---------+---------+-------+---------
         Total |   11385 | 1083542 |   1.0 |      20 |    2090 |   0.9 | 38294
               +---------+---------+-------+---------+---------+-------+---------
           D:1 |       0 |      47 |   0.0 |       0 |      26 |   0.0 |   771
           D:2 |       0 |      76 |   0.0 |       0 |      25 |   0.0 |   708
           D:3 |       0 |     295 |   0.0 |       0 |      53 |   0.0 |   813
           D:4 |       0 |     571 |   0.0 |       0 |      19 |   0.0 |   766
           D:5 |       0 |    1179 |   0.0 |       0 |      15 |   0.0 |   764
           D:6 |       0 |    1470 |   0.0 |       0 |      27 |   0.0 |   910
           D:7 |       0 |    2911 |   0.0 |       0 |      41 |   0.0 |   994
           D:8 |       0 |    2609 |   0.0 |       0 |      32 |   0.0 |   976
           D:9 |       0 |    3426 |   0.0 |       0 |      33 |   0.0 |   956
          D:10 |       0 |    3180 |   0.0 |       0 |      22 |   0.0 |   874
          D:11 |       0 |    5524 |   0.0 |       0 |      33 |   0.0 |   955
          D:12 |       0 |   11669 |   0.0 |       0 |      54 |   0.0 |   876
          D:13 |       0 |    7036 |   0.0 |       0 |      24 |   0.0 |   847
          D:14 |       0 |   13276 |   0.0 |       0 |      54 |   0.0 |   617
          D:15 |       0 |   15682 |   0.0 |       0 |      36 |   0.0 |   790
        Lair:1 |       0 |    5322 |   0.0 |       0 |      43 |   0.0 |  1116
        Lair:2 |       0 |    5494 |   0.0 |       0 |      20 |   0.0 |   888
        Lair:3 |       0 |   11850 |   0.0 |       0 |      30 |   0.0 |   968
        Lair:4 |       0 |    3051 |   0.0 |       0 |      16 |   0.0 |   746
        Lair:5 |       0 |    8137 |   0.0 |       0 |      24 |   0.0 |   866
        Lair:6 |       0 |   20621 |   0.0 |       0 |      56 |   0.0 |   949
      Shoals:1 |       0 |   21486 |   0.0 |       0 |      40 |   0.0 |   745
      Shoals:2 |       0 |   10708 |   0.0 |       0 |      21 |   0.0 |   748
      Shoals:3 |       0 |   15814 |   0.0 |       0 |      36 |   0.0 |   699
      Shoals:4 |       0 |   44683 |   0.0 |       0 |      72 |   0.0 |  1148
      Spider:1 |       0 |   19391 |   0.0 |       0 |      43 |   0.0 |  1378
      Spider:2 |       0 |   22754 |   0.0 |       0 |      72 |   0.0 |   729
      Spider:3 |       0 |   12375 |   0.0 |       0 |      31 |   0.0 |   546
      Spider:4 |       0 |   36481 |   0.0 |       0 |      82 |   0.0 |  1181
         Orc:1 |       0 |   16977 |   0.0 |       0 |      82 |   0.0 |   837
         Orc:2 |       0 |   22289 |   0.0 |       0 |      88 |   0.0 |   642
         Elf:1 |       0 |   20331 |   0.0 |       0 |      39 |   0.0 |   855
         Elf:2 |       0 |   28287 |   0.0 |       0 |      39 |   0.0 |   706
         Elf:3 |       0 |   68944 |   0.0 |       0 |      64 |   0.0 |  1179
      Vaults:1 |       0 |   54543 |   0.0 |       0 |      88 |   0.0 |  1298
      Vaults:2 |       0 |   41229 |   0.0 |       0 |      69 |   0.0 |  1244
      Vaults:3 |       0 |   44238 |   0.0 |       0 |      82 |   0.0 |  1313
      Vaults:4 |       0 |   57177 |   0.0 |       0 |      75 |   0.0 |  1189
      Vaults:5 |       0 |  193591 |   0.0 |       0 |     161 |   0.0 |  1812
      Depths:1 |       0 |   27246 |   0.0 |       0 |      46 |   0.0 |   116
      Depths:2 |       0 |   13731 |   0.0 |       0 |      20 |   0.0 |   174
      Depths:3 |       0 |   22114 |   0.0 |       0 |      19 |   0.0 |   170
      Depths:4 |       0 |   11370 |   0.0 |       0 |      11 |   0.0 |    42
      Depths:5 |       0 |   56042 |   0.0 |       0 |      53 |   0.0 |   312
         Zot:1 |       0 |   25827 |   0.0 |       0 |      20 |   0.0 |   162
         Zot:2 |       0 |   23997 |   0.0 |       0 |      14 |   0.0 |   150
         Zot:3 |       0 |   39362 |   0.0 |       0 |      26 |   0.0 |   283
         Zot:4 |       0 |    5416 |   0.0 |       0 |       6 |   0.0 |    25
       Abyss:2 |   11385 |    3713 |  75.4 |      20 |       8 |  71.4 |   343
               +---------+---------+-------+---------+---------+-------+---------
